 Dungeon Crawl Stone Soup version 0.31-a0-986-g5e6e4ef867 (webtiles) character file.

Game seed: 7487463563669918123

3200 sokol815 the Spear-Bearer (level 9, -10/64 HPs)
             Began as an Octopode Gladiator on Nov 21, 2023.
             Was an Initiate of Gozag.
             Mangled by Erica
             ... wielding a +4 scimitar of flaming
              (12 damage)
             ... on level 8 of the Dungeon.
             The game lasted 00:14:28 (6016 turns).

sokol815 the Spear-Bearer (Octopode Gladiator)      Turns: 6016, Time: 00:14:29

Health: -10/64     AC:  3    Str: 15    XL:     9   Next: 96%
Magic:  10/13      EV: 12    Int: 18    God:    Gozag
Gold:   777        SH:  0    Dex: 26    Spells: 8/14 levels left

rFire   . . .        a - +0 trident
rCold   . . .        (no shield)
rNeg    . . .        z - +2 hat of Patience {rElec Int+6}
rPois   .            q - amulet of regeneration
rElec   +            V - ring of see invisible {sInv, !d}
rCorr   .            Z - ring of wizardry {Wiz+, !d}
SInv    +            B - +6 ring of dexterity
Will    .....        u - +6 ring of dexterity
Stlth   +++          (no ring)
HPRegen 1.10/turn    (no ring)
MPRegen 0.13/turn    (no ring)
                     (no ring)

%: wizardry (x1)
@: grasped by roots, freezing walls, slowed, constricted, very slow
A: almost no armour, amphibious, 8 rings, camouflage 1, gelatinous body 1,
(nimble swimmer 1), tentacles
a: Renounce Religion, Potion Petition, Call Merchant, Bribe Branch


You were on level 8 of the Dungeon.
You worshipped Gozag.
Gozag was pleased with you.
You visited 2 branches of the dungeon, and saw 9 of its levels.

You collected 837 gold pieces.
You paid 60 gold pieces to Gozag.

Inventory:

Hand Weapons
 a - a +0 trident (weapon)
 e - a +1 dagger of speed
   (You found it on level 1 of the Dungeon)
 g - a +1 dagger of venom
   (You found it on level 2 of the Dungeon)
 j - a +2 whip of freezing
   (You took it off Pikel on level 6 of the Dungeon)
 l - a +1 hand axe of freezing
   (You found it on level 1 of the Dungeon)
 o - a +0 trident
   (You took it off an orc on level 4 of the Dungeon)
 r - a +1 whip of holy wrath
   (You found it on level 7 of the Dungeon)
 w - a +1 dagger of venom
   (You took it off a kobold brigand on level 7 of the Dungeon)
 y - a +2 short sword of venom
   (You took it off a kobold on level 3 of the Dungeon)
 F - a +0 trident
   (You took it off an orc on level 7 of the Dungeon)
Missiles
 c - 3 throwing nets {!d}
 d - a javelin
 h - 3 curare-tipped darts
 n - 20 poisoned darts (quivered)
 s - 56 stones
 t - 6 silver javelins
 v - 2 boomerangs
Armour
 b - a +1 hat
 z - the +2 hat of Patience (worn) {rElec Int+6}
   (You found it on level 4 of the Dungeon)

   Int+6:     It affects your intelligence (+6).
   rElec:     It insulates you from electricity.
Jewellery
 q - an amulet of regeneration (around mantle)
   (You found it on level 2 of the Dungeon)
 u - a +6 ring of dexterity (on tentacle)
   (You found it on level 4 of the Dungeon)
 B - a +6 ring of dexterity (on tentacle)
   (You found it on level 5 of the Dungeon)
 V - a ring of see invisible (left tentacle) {sInv, !d}
   (You found it on level 1 of the Dungeon)
 Z - a ring of wizardry (right tentacle) {Wiz+, !d}
   (You found it on level 3 of the Dungeon)
Talismans
 f - a beast talisman
   (You found it on level 1 of the Dungeon)
 p - a blade talisman
   (You found it on level 2 of the Dungeon)
 x - a flux talisman
   (You found it on level 3 of the Dungeon)
Scrolls
 m - a scroll of enchant armour
 D - a scroll of blinking {!r}
 K - a scroll of immolation {!r}
 O - a scroll of silence
 Y - 3 scrolls of teleportation {@r3}
Potions
 i - 2 potions of degeneration {unknown}
 k - 4 potions of enlightenment
 A - a potion of mutation {unknown}
 C - a potion of attraction {!q}
 E - a potion of might {unknown}
 H - 2 potions of haste
 J - 3 potions of curing {@q1}


   Skills:
 + Level 7.2 Fighting
 * Level 10.2 Polearms
 - Level 2.0 Throwing
 - Level 3.0 Dodging
 * Level 3.1 Spellcasting
 * Level 3.4 Conjurations
 * Level 3.5 Ice Magic


You had 8 spell levels left.
You knew the following spells:

 Your Spells              Type           Power      Damage    Failure   Level
a - Hailstorm             Conj/Ice       15%        3d5       4%          3
b - Frozen Ramparts       Ice            30%        1d5       4%          3

Your spell library contained the following spells:

 Spells                   Type           Power      Damage    Failure   Level
 Ensorcelled Hibernation  Hex/Ice        18%        N/A       4%          2
 Static Discharge         Conj/Air       18%        3-4/arc   4%          2
 Passwall                 Tmut/Erth      1%         N/A       10%         2
 Swiftness                Air            2%         N/A       19%         3
 Summon Ice Beast         Ice/Summ       9%         N/A       30%         4
 Airstrike                Air            1%         2d(1-17)  52%         4
 Petrify                  Tmut/Erth      2%         N/A       52%         4
 Summon Lightning Spire   Summ/Air       2%         N/A       52%         4
 Metabolic Englaciation   Hex/Ice        4%         N/A       61%         5
 Simulacrum               Ice/Necr       Unusable   N/A       N/A         6

Dungeon Overview and Level Annotations

Branches:
Dungeon (8/15) Zot: 26975  Temple (1/1) D:5 Zot: 5981
   Lair: D:8-11

Altars:
Ashenzari
Cheibriados
Dithmenos
Elyvilon
Fedhas
Gozag
Hepliaklqana
Kikubaaqudgha
Nemelex Xobeh
Okawaru
Qazlal
Ru
Sif Muna
Trog
Uskayaw
Vehumet
Wu Jian
Xom
Yredelemnul
Zin

Shops:
D:7 *

Annotations:
D:8 Erica


Innate Abilities, Weirdness & Mutations

You cannot wear most types of armour.
You are amphibious.
You can wear up to eight rings at the same time.
Your skin changes colour to match your surroundings (Stealth+).
Your rubbery body absorbs attacks. (AC +1, EV +1)
((You are camouflaged when in or above water. (Stealth+)))
You have tentacles for arms and can constrict up to eight enemies at once.


Message History

a +0 war axe; a +0 dagger; a +0 robe You now have 765 gold pieces (gained 7).
Things that are here:
a +0 dagger; a +0 robe The angel is distracted by your dazzling golden aura.
Things that are here:
a +0 war axe; a +0 dagger; a +0 robe You now have 769 gold pieces (gained 4).
Things that are here:
a +0 dagger; a +0 robe The angel is no longer distracted by gold.
You now have 777 gold pieces (gained 8).
Done exploring.
Okay, then.
Done exploring.
You see here the +18 Lear's hauberk.
There is a stone staircase leading down here.
You climb downwards.
There is a stone staircase leading up here.
Erica the Fiery-Tempered comes into view.
She is wielding a +4 scimitar of flaming, wearing a +2 robe of willpower and carrying a wand of roots.
Throw: 4 darts (curare)
Press: ? - help, Q - select action, (/) - cycle Shift-Dir - straight line, f - Erica
Aim: Erica, wielding a +4 scimitar of flaming, wearing a +2 robe of willpower and carrying a wand of roots (asleep, 98% to hit)
You throw a curare-tipped dart. The curare-tipped dart hits Erica.
Erica is poisoned.
Erica convulses.
Erica seems to slow down.
Erica shouts!
Throw: 23 darts (poison)
Press: ? - help, Q - select action, (/) - cycle Shift-Dir - straight line, f/p - Erica
Aim: Erica, wielding a +4 scimitar of flaming, wearing a +2 robe of willpower and carrying a wand of roots (lightly wounded, very poisoned, slow, 64% to hit)
You throw a poisoned dart. The poisoned dart closely misses Erica.
Erica gestures wildly while chanting.
Erica flickers and vanishes for a moment.
Throw: 22 darts (poison)
Press: ? - help, Q - select action, (/) - cycle Shift-Dir - straight line, f/p - Erica
Aim: Erica, wielding a +4 scimitar of flaming, wearing a +2 robe of willpower and carrying a wand of roots (lightly wounded, slightly transparent, very poisoned, slow, 64% to hit)
You throw a poisoned dart. The poisoned dart hits Erica.
Erica looks even sicker.
Throw: 21 darts (poison)
Press: ? - help, Q - select action, (/) - cycle Shift-Dir - straight line, f/p - Erica
Aim: Erica, wielding a +4 scimitar of flaming, wearing a +2 robe of willpower and carrying a wand of roots (lightly wounded, slightly transparent, very poisoned, slow, 64% to hit)
You throw a poisoned dart. The poisoned dart hits Erica.
Erica casts a spell at you.
You are confused.
An ice beast comes into view.
Erica gestures at you while chanting. The lance of force hits you!!
You are knocked back by the lance of force.
You take 27 damage, and have 37/64 hp.
MASSIVE DAMAGE!!
You feel less confused.
Unknown command.
Erica is no longer moving slowly.
Erica barely misses you.
You hit Erica. You grab Erica. You squeeze Erica. You constrict Erica.
Erica casts a spell at you.
You feel yourself slow down.
You release your grip on Erica.
Erica completely misses you.
You regained 2 hp, and now have 44/64 hp.
Erica screams, "Hurry, death AWAITS you!"
Erica hits you with a +4 scimitar of flaming!
Erica burns you.
Erica points at you and mumbles some strange words.
You feel as though you will be slow longer.
The ice beast hits you but does no damage.
You take 12 damage, and have 32/64 hp.
Okay, then.
Press: ? - help, Dir - look around, f - activate The walls around you are covered in ice.
The wall freezes the ice beast but does no damage.
The ice beast misses you.
The wall freezes Erica but does no damage.
Erica hits you with a +4 scimitar of flaming!!
* * * LOW HITPOINT WARNING * * *
Erica burns you!
* * * LOW HITPOINT WARNING * * *
You take 25 damage, and have 7/64 hp.
MASSIVE DAMAGE!!
You now have 10/13 mp.
You feel better.
The wall freezes the ice beast but does no damage.
The ice beast misses you.
The wall freezes Erica.
Erica zaps a wand.
The roots erupt in riotous growth!
The grasping roots grab you!
Erica is unaffected.
The ice beast is unaffected.
The grasping roots constrict you!
* * * LOW HITPOINT WARNING * * *
The wall freezes the ice beast but does no damage.
The ice beast hits you.
* * * LOW HITPOINT WARNING * * *
The ice beast freezes you!
* * * LOW HITPOINT WARNING * * *
The wall freezes Erica but does no damage.
Erica laughs wildly.
Erica hits you with a +4 scimitar of flaming!
You die...
Erica begins laughing uncontrollably.
Your body crumbles into a pile of gold.

#.....##
######......##
#............#
#........#
#..#.....#
###.....##.#
#.......##.########
#.#.##@Y##.<.......
#.#. #.@##.########
. #. #..##.# . #.
#(.##.# #. ..
......# ##..####
#..# #... #.##


You could see Erica (invisible, poisoned) and an ice beast.

Vanquished Creatures
  Pikel (D:6)
  A kobold demonologist (D:7)
  Eustachio (D:4)
  3 water moccasins (D:7)
  3 sky beasts
  3 ogres (D:5)
  A centaur (D:6)
  3 lemures (D:6)
  2 kobold brigands (D:7)
  3 bullfrogs
  2 scorpions (D:6)
  4 wights (D:7)
  5 howler monkeys
  2 hounds
  A gnoll bouda (D:7)
  2 orc priests
  A sleepcap (D:5)
  3 iguanas
  4 orc wizards
  4 gnolls (D:7)
  7 adders
  2 white imps
  2 worms
  2 dart slugs
  12 orcs
  2 endoplasms
  5 giant cockroaches (D:2)
  7 goblins
  7 hobgoblins
  7 kobolds
  8 quokkas
  5 ball pythons
  7 bats
  A frilled lizard (D:1)
  8 rats (D:1)
131 creatures vanquished.

Notes
Turn   | Place    | Note
-------+----------+-------------------------------------------
     0 | D:1      | sokol815 the Octopode Gladiator began the quest for the
                  | Orb.
     0 | D:1      | Reached XP level 1. HP: 14/14 MP: 1/1
   281 | D:1      | Reached XP level 2. HP: 19/19 MP: 2/2
   728 | D:2      | Reached XP level 3. HP: 15/25 MP: 3/3
   893 | D:2      | Reached skill level 4 in Polearms
  1316 | D:3      | You fall into a shaft and drop 2 floors!
  1316 | D:5      | Entered Level 5 of the Dungeon
  1335 | D:5      | Noticed an ogre
  1344 | D:5      | Killed an ogre
  1345 | D:5      | Reached skill level 3 in Fighting
  1345 | D:5      | Reached XP level 4. HP: 31/31 MP: 4/4
  1345 | D:5      | Reached XP level 5. HP: 36/36 MP: 5/5
  1354 | D:5      | Found a staircase to the Ecumenical Temple.
  1359 | D:5      | Reached skill level 5 in Polearms
  1370 | Temple   | Entered the Ecumenical Temple
  1379 | Temple   | Became a worshipper of Gozag Ym Sagoz the Greedy
  1445 | D:4      | Reached XP level 6. HP: 43/43 MP: 6/6
  1626 | D:3      | Found a faded altar of an unknown god.
  1776 | D:3      | Found a faded altar of an unknown god.
  1779 | D:3      | Found a shadowy altar of Dithmenos.
  2003 | D:4      | Reached skill level 4 in Fighting
  2041 | D:4      | Identified the +2 hat of Patience {rElec Int+6}
  2070 | D:4      | HP: 7/43 [quokka (4)]
  2078 | D:4      | Reached skill level 6 in Polearms
  2080 | D:4      | HP: 10/43 [orc/+0 falchion (7)]
  2185 | D:4      | Noticed Eustachio
  2410 | D:5      | Reached XP level 7. HP: 49/49 MP: 7/7
  2801 | D:5      | Reached skill level 7 in Polearms
  3213 | D:5      | Found a hazy altar of Hepliaklqana.
  3339 | D:6      | Reached skill level 5 in Fighting
  3404 | D:6      | Found a radiant altar of Vehumet.
  3406 | D:6      | Noticed Pikel
  3651 | D:6      | Reached XP level 8. HP: 54/56 MP: 8/8
  4008 | D:6      | Killed Pikel
  4009 | D:6      | Reached skill level 6 in Fighting
  4009 | D:6      | Reached skill level 8 in Polearms
  4137 | D:6      | Reached skill level 9 in Polearms
  4388 | D:4      | Killed Eustachio
  4795 | D:7      | Learned a level 3 spell: Hailstorm
  4810 | D:7      | Found the +18 Lear's hauberk
  4876 | D:7      | Reached XP level 9. HP: 50/63 MP: 9/9
  4903 | D:7      | Reached skill level 1 in Ice Magic
  4919 | D:7      | Found a broken altar of Ashenzari.
  4961 | D:7      | Found a shimmering altar of Xom.
  4963 | D:7      | Noticed an angel
  4985 | D:7      | Reached skill level 1 in Spellcasting
  4985 | D:7      | Reached skill level 1 in Conjurations
  5113 | D:7      | Reached skill level 2 in Ice Magic
  5160 | D:7      | Noticed a kobold demonologist
  5171 | D:7      | Killed a kobold demonologist
  5172 | D:7      | Reached skill level 7 in Fighting
  5172 | D:7      | Reached skill level 2 in Spellcasting
  5172 | D:7      | Reached skill level 2 in Conjurations
  5201 | D:7      | Reached skill level 10 in Polearms
  5415 | D:7      | Reached skill level 3 in Ice Magic
  5554 | D:7      | Found Okkaobech's Elemental Accessories.
  5575 | D:7      | Reached skill level 3 in Conjurations
  5710 | D:7      | Reached skill level 3 in Spellcasting
  5725 | D:7      | Learned a level 3 spell: Frozen Ramparts
  5907 | D:7      | Found a glowing silver altar of Zin.
  6000 | D:8      | Noticed Erica
  6015 | D:8      | HP: 15/64 [Erica/+4 scimitar of flaming (19)]
  6015 | D:8      | HP: 7/64 [Erica/+4 scimitar of flaming (8)]
  6016 | D:8      | HP: 2/64 [ice beast (7)]
  6016 | D:8      | Mangled by Erica

Illustrated notes

Levels and vault maps discovered:
D:1:      roderic_crossed_star, layout_basic, grunt_decor_fettered,
          kennysheep_minor_cross, minmay_rat_gold_closets
D:2:      layout_loops_cross
D:3:      layout_loops_ring, nicolae_overflow_ecumenical_swirl,
          ebering_ecumenical_altar_box, grunt_decor_one_mirror,
          hangedman_decor_clover_reticule, minmay_diced_spiral
D:4:      layout_cave_pools, dk_noncrumbling_3, uniq_eustachio
D:5:      layout_loops_ring, nicolae_hepliaklqana_hippocampus,
          minmay_temple_entry_gardened_gates, chequers_avenue
D:6:      layout_loops_corners, nicolae_overflow_crystal_walls,
          nicolae_zen_rock_garden, uniq_pikel
D:7:      layout_cave_pods, grunt_temple_overflow_order_and_chaos_1,
          evilmike_ruin_ashenzari, minmay_misc_feat_cross,
          nicolae_elemental_shop, kennysheep_cluttered_room
D:8:      layout_loops_ring, mainiacjoe_overflow_paths,
          mainiacjoe_overflow_chevrons, uniq_jeremiah, uniq_maurice,
          uniq_maggie, uniq_erica
Temple:   nicolae_temple_superstar

Skill      XL: |  1  2  3  4  5  6  7  8  9 |
---------------+----------------------------+-----
Polearms       | 4 5 6 7 9 10 | 10.2
Fighting       | 3 4 5 6 7 |  7.2
Ice Magic      | 3 |  3.5
Spellcasting   | 3 |  3.1
Conjurations   | 3 |  3.4
Throwing       | |  2.0
Dodging        | |  3.0

Action                     |  1- 3 |  4- 6 |  7- 9 || total
---------------------------+-------+-------+-------++-------
  Melee: Trident           |    95 |    63 |   221 ||   379
         Constrict         |    16 |    18 |    42 ||    76
         Tentacles         |     7 |    14 |    53 ||    74
         Punch             |     1 |     2 |     3 ||     6
  Throw: Javelin           |     1 |       |     4 ||     5
         Dart              |     4 |     2 |    15 ||    21
   Cast: Frozen Ramparts   |       |       |     1 ||     1
    Use: Scroll            |     3 |     1 |    12 ||    16
         Potion            |       |     1 |     1 ||     2
   Stab: Sleeping          |    16 |     4 |     5 ||    25
         Distracted        |       |     2 |       ||     2
 Armour: Skin              |    20 |    17 |    94 ||   131
  Dodge: Dodged            |    24 |    31 |   117 ||   172

Table legend: (Time is in decaauts)
 A = Elapsed time spent in this place.
 B = Non-inter-level travel time spent in this place.
 C = Inter-level travel time spent in this place.
 D = Time resting spent in this place.
 E = Time spent auto-exploring this place.
 F = Levels seen in this place.
 G = Mean time per level.
                   A        B        C        D        E       F      G
               +--------+--------+--------+--------+--------+-----+--------+
         Total |   5999 |   5554 |    445 |    161 |   4340 |   9 |  666.6 |
       Dungeon |   5981 |   5553 |    428 |    161 |   4340 |   8 |  747.6 |
        Temple |     18 |      1 |     17 |      0 |      0 |   1 |   18.0 |
               +--------+--------+--------+--------+--------+-----+--------+

Top non-repeatable levels by time:
     D:7: 1186 daAuts
     D:5: 1151 daAuts
     D:6: 1088 daAuts
     D:3: 648 daAuts
     D:2: 645 daAuts
     D:1: 639 daAuts
     D:4: 598 daAuts
     D:8: 22 daAuts
  Temple: 18 daAuts

Levels and vault maps discovered:
D:1:      roderic_crossed_star, layout_basic, grunt_decor_fettered,
          kennysheep_minor_cross, minmay_rat_gold_closets
D:2:      layout_loops_cross
D:3:      layout_loops_ring, nicolae_overflow_ecumenical_swirl,
          ebering_ecumenical_altar_box, grunt_decor_one_mirror,
          hangedman_decor_clover_reticule, minmay_diced_spiral
D:4:      layout_cave_pools, dk_noncrumbling_3, uniq_eustachio
D:5:      layout_loops_ring, nicolae_hepliaklqana_hippocampus,
          minmay_temple_entry_gardened_gates, chequers_avenue
D:6:      layout_loops_corners, nicolae_overflow_crystal_walls,
          nicolae_zen_rock_garden, uniq_pikel
D:7:      layout_cave_pods, grunt_temple_overflow_order_and_chaos_1,
          evilmike_ruin_ashenzari, minmay_misc_feat_cross,
          nicolae_elemental_shop, kennysheep_cluttered_room
D:8:      layout_loops_ring, mainiacjoe_overflow_paths,
          mainiacjoe_overflow_chevrons, uniq_jeremiah, uniq_maurice,
          uniq_maggie, uniq_erica
Temple:   nicolae_temple_superstar

Table legend: (Time is in decaauts)
 A = Elapsed time spent in this place.
 B = Non-inter-level travel time spent in this place.
 C = Inter-level travel time spent in this place.
 D = Time resting spent in this place.
 E = Time spent auto-exploring this place.
 F = Levels seen in this place.
 G = Mean time per level.
                   A        B        C        D        E       F      G
               +--------+--------+--------+--------+--------+-----+--------+
         Total |   5999 |   5554 |    445 |    161 |   4340 |   9 |  666.6 |
       Dungeon |   5981 |   5553 |    428 |    161 |   4340 |   8 |  747.6 |
        Temple |     18 |      1 |     17 |      0 |      0 |   1 |   18.0 |
               +--------+--------+--------+--------+--------+-----+--------+

Top non-repeatable levels by time:
     D:7: 1186 daAuts
     D:5: 1151 daAuts
     D:6: 1088 daAuts
     D:3: 648 daAuts
     D:2: 645 daAuts
     D:1: 639 daAuts
     D:4: 598 daAuts
     D:8: 22 daAuts
  Temple: 18 daAuts

Table legend:
 A = Kills in this place as a percentage of kills in the entire game.
 B = Kills by you in this place as a percentage of kills by you in the entire game.
 C = Kills by friends in this place as a percentage of kills by friends in the entire game.
 D = Other kills in this place as a percentage of other kills in the entire game.
 E = Experience gained in this place as a percentage of experience gained in the entire game.
 F = Experience gained in this place divided by the number of levels of this place that you have seen.
                   A       B       C       D       E      F
               +-------+-------+-------+-------+-------+----------------------
         Total | 100.0 | 100.0 |   N/A |   N/A | 100.0 | 508.0
       Dungeon | 100.0 | 100.0 |   N/A |   N/A | 100.0 | 571.5
               +-------+-------+-------+-------+-------+----------------------
